 Dungeon Crawl Stone Soup version 0.30.0-17-ge0270778cf (webtiles) character file.

Game seed: 4558983852937932064

182 Edyrem the Shield-Bearer (level 5, 0/42 HPs)
             Began as a Formicid Fighter on May 23, 2023.
             Frozen to death by an endoplasm (2 damage)
             ... on level 4 of the Dungeon.
             The game lasted 00:04:44 (2872 turns).

Edyrem the Shield-Bearer (Formicid Fighter)         Turns: 2872, Time: 00:04:44

Health: 0/42       AC: 11    Str: 21 (22) XL:     5   Next: 93%
Magic:  5/5        EV:  6    Int:  7 (8)  God:
Gold:   92         SH:  5    Dex: 11 (13) Spells: 4/4 levels left

rFire   . . .        a - +0 quarterstaff
rCold   . . .        c - +0 buckler
rNeg    . . .        r - +0 plate armour
rPois   .            (helmet unavailable)
rElec   .            (no cloak)
rCorr   .            (no gloves)
SInv    +            (no boots)
Will    .....        (no amulet) Stlth
                     (no ring)
HPRegen 0.27/turn    (no ring)
MPRegen 0.09/turn

%: no passive effects
@: no status effects
A: permanent stasis, dig shafts and tunnels, antennae 3, four strong arms
a: Dig, Shaft Self


You were on level 4 of the Dungeon.
You visited 1 branch of the dungeon, and saw 4 of its levels.

You collected 92 gold pieces.

Inventory:

Hand Weapons
 a - a +0 quarterstaff (weapon)
 b - a +1 trident of flaming
Missiles
 e - 4 poisoned darts
 h - a throwing net
Armour
 c - a +0 buckler (worn)
 r - a +0 plate armour (worn)
Jewellery
 j - a ring of fire
 y - a ring of see invisible
Wands
 k - a wand of flame (18)
Scrolls
 i - a scroll of noise {unknown}
 l - 2 scrolls of vulnerability {unknown}
 m - a scroll of identify {unknown}
 n - a scroll of poison {unknown}
 p - 3 scrolls of enchant armour {unknown}
 s - a scroll of fog {unknown}
 t - a scroll of teleportation {unknown}
 v - a scroll of butterflies {unknown}
Potions
 d - a potion of might
 f - a potion of cancellation {unknown}
 g - a potion of curing {@q2}
 o - a potion of experience {unknown}
 q - a potion of heal wounds {unknown}
 u - a potion of attraction {unknown}
 w - a potion of haste {unknown}


   Skills:
 + Level 4.2 Fighting
 + Level 3.1 Staves
 + Level 4.3 Armour
 * Level 1.4 Dodging
 - Level 5.0 Shields


You had 4 spell levels left.
You didn't know any spells.
Your spell library contained the following spells:

 Spells                   Type           Power      Damage    Failure   Level
 Freeze                   Ice            0%         1d3       100%        1
 Dazzling Flash           Conj/Hex       0%         N/A       100%        3
 Frozen Ramparts          Ice            0%         1d1       100%        3
 Hailstorm                Conj/Ice       0%         3d3       100%        3
 Ozocubu's Armour         Ice            0%         N/A       100%        3
 Agony                    Necr           0%         N/A       100%        5
 Metabolic Englaciation   Hex/Ice        0%         N/A       100%        5
 Silence                  Hex/Air        0%         N/A       100%        5
 Simulacrum               Ice/Necr       0%         N/A       100%        6


Dungeon Overview and Level Annotations

Branches:
Dungeon (4/15)
 Temple: D:4-7

Altars:
Gozag

Shops:
D:2 (


Innate Abilities, Weirdness & Mutations

You cannot be hasted, slowed, berserked, paralysed or teleported.
You can dig through walls and to a lower floor.
You have a pair of large antennae on your head. (SInv)
Your four strong arms can wield two-handed weapons with a shield.


Message History

The scorpion closely misses you.
You hit the scorpion.
The scorpion is almost dead.
You feel sick.
The orc barely misses you. x2; The scorpion stings you.
* * * LOW HITPOINT WARNING * * *
The orc hits you but does no damage. The orc hits you with a +0 flail.
* * * LOW HITPOINT WARNING * * *
The scorpion stings you but does no damage.
You barely miss the scorpion.
The scorpion is almost dead.
You feel sick. The scorpion stings you.
* * * LOW HITPOINT WARNING * * *
You are lethally poisoned!
The scorpion poisons you! The orc barely misses you.
The orc hits you with a +0 short sword.
* * * LOW HITPOINT WARNING * * *
It was a potion of curing.
You feel better.
The scorpion stings you but does no damage.
The orc hits you but does no damage. The orc hits you with a +0 short sword.
* * * LOW HITPOINT WARNING * * *
You hit the scorpion.
The scorpion is almost dead.
You block the scorpion's attack. You block the orc's attack.
The orc hits you but does no damage.
The scorpion stings you but does no damage.
You hit the scorpion.
You kill the scorpion!
The orc hits you with a +0 flail.
* * * LOW HITPOINT WARNING * * *
The orc hits you with a +0 short sword.
* * * LOW HITPOINT WARNING * * *
Your life force feels restored.
Your Staves skill increases to level 3!
Your Dodging skill increases to level 1!
It was a potion of degeneration.
There was something very wrong with that liquid.
You feel weakened.
You feel dopey.
You feel clumsy. The endoplasm freezes you.
You are frozen.
You die...

.[#. ##....#.# #. ..#
##...##..## ..
##.........#.##..
#.[...............
...............#..
.##...........#
##..........#
####............
##@#..............
#Joo............##
.....o###............
...... #......#.##.
....... #.#.####..
....... #.....
......# ......#
...... ....... ###
###


You could see 3 orcs and an endoplasm.

Vanquished Creatures
  A scorpion (D:4)
  4 adders (D:2)
  An adder skeleton (D:2)
  2 worms (D:2)
  3 dart slugs (D:1)
  3 orcs (D:3)
  A bat skeleton (D:2)
  2 endoplasms
  3 giant cockroaches
  2 goblins
  5 hobgoblins
  2 jackals (D:3)
  8 quokkas
  6 ball pythons
  A ball python skeleton (D:2)
  6 bats
  2 frilled lizards
  9 kobolds
  A quokka skeleton (D:2)
  A quokka zombie (D:2)
  3 rats
66 creatures vanquished.

Notes
Turn   | Place    | Note
-------+----------+-------------------------------------------
     0 | D:1      | Edyrem the Formicid Fighter began the quest for the Orb.
     0 | D:1      | Reached XP level 1. HP: 18/18 MP: 1/1
    91 | D:1      | Reached XP level 2. HP: 18/24 MP: 2/2
   400 | D:1      | Reached XP level 3. HP: 29/29 MP: 3/3
   950 | D:2      | Reached XP level 4. HP: 37/37 MP: 4/4
  1559 | D:2      | Reached skill level 5 in Shields
  1559 | D:2      | Reached XP level 5. HP: 13/40 MP: 5/5
  1707 | D:2      | Found Qeixteb's Weapon Shoppe.
  1811 | D:3      | Found an opulent altar of Gozag.
  2871 | D:4      | HP: 2/41 [orc/+0 short sword (4)]
  2872 | D:4      | Reached skill level 1 in Dodging
  2872 | D:4      | Frozen to death by an endoplasm

Illustrated notes

Levels and vault maps discovered:
D:1:      lightli_arrival_statue_moat, layout_basic,
          minmay_misc_feat_more_columns, minmay_ruptured
D:2:      layout_loops_corners, serial_shops, nicolae_lakefront_shop,
          serial_undead, serial_undead_b, serial_undead_f, serial_undead_d,
          serial_undead_e, serial_undead_f, serial_undead_c
D:3:      layout_basic, grunt_gozag_breadcrumbs
D:4:      layout_cave_pools, nicolae_hepliaklqana_hippocampus,
          minmay_hollow_rounded_squares

Skill      XL: |  1  2  3  4  5 |
---------------+----------------+-----
Armour         | 4 |  4.3
Fighting       | 4 |  4.2
Shields        | 5 |  5.0
Staves         | 3 |  3.1
Dodging        | 1 |  1.4

Action                     |  1- 3 |  4- 6 || total
---------------------------+-------+-------++-------
  Melee: Quarterstaff      |    82 |   113 ||   195
    Use: Potion            |       |     2 ||     2
 Armour: Scale mail        |    33 |    20 ||    53
         Plate armour      |       |    39 ||    39
  Dodge: Dodged            |    37 |    40 ||    77
  Block: Buckler           |    15 |    34 ||    49
